[Event "Team 45 45 League T44"]
[Site "Internet Chess Club"]
[Date "2010.03.10"]
[Round "6"]
[White "sly20"]
[Black "chesshawk"]
[Result "0-1"]
[WhiteElo "1378"]
[BlackElo "1573"]
[Opening "Queen's pawn game"]
[ECO "A45"]
[Time "17:24:26"]
[TimeControl "2700+45"]

1. d4 Nf6 2. Nc3 g6 3. Bg5 Bg7 4. Qd2 O-O 5. Bh6 d5 6. Bxg7 Kxg7 7. e3 Bf5 8. f3
c6 9. g4 Be6 10. Nh3 Nbd7 11. Nf4 Ne8 12. h4 Qa5 13. g5 b5 14. h5 Nd6 15. hxg6
hxg6 16. Bh3 Bxh3 17. Rxh3 Rh8 18. Nce2 Qxd2+ 19. Kxd2 Nc4+ 20. Kc3 Nxe3 21. Re1
Nf5 22. Ng3 Nxg3 23. Rxg3 e6 24. Nd3 Rh7 25. b3 Rah8 26. Re2 Rh2 27. Rxh2 Rxh2
28. Nb4 c5 29. dxc5 Nxc5 30. Nc6 a6 31. a3 Nd7 32. Nb4 a5 33. Nc6 a4 34. Nd4 b4+
35. Kxb4 e5 36. Nc6 Rxc2 37. Nd4 exd4 38. Kxa4 d3 39. f4 d2 40. Rg1 Rc1 {White
resigns} 0-1

[Event "Team 45 45 League T44"]
[Site "Internet Chess Club"]
[Date "2010.03.11"]
[Round "6"]
[White "vaknight"]
[Black "Dolphin"]
[Result "0-1"]
[WhiteElo "1657"]
[BlackElo "1687"]
[Opening "Bird's opening"]
[ECO "A02"]
[Time "20:02:47"]
[TimeControl "2700+45"]

1. f4 d6 2. Nf3 Nf6 3. e3 g6 4. b3 Bg7 5. Bb2 O-O 6. Bd3 Bg4 7. O-O Nc6 8. h3
Bxf3 9. Rxf3 e5 10. Bb5 Re8 11. fxe5 dxe5 12. Qf1 Re6 13. Bc4 Rd6 14. Bc3 a6 15.
a4 Qd7 16. Na3 Re8 17. g4 h6 18. b4 Rxd2 19. b5 Nd8 20. Bxd2 Qxd2 21. Rd1 Qb4
22. Nb1 Qe7 23. bxa6 bxa6 24. Nd2 Ne6 25. Bxe6 Qxe6 26. Qc4 Rd8 27. Qxe6 fxe6
28. Rff1 Nd5 29. Nc4 e4 30. Rf2 Rb8 31. c3 Bxc3 32. Rdf1 Bg7 33. Rc1 Rb4 34. a5
Rb3 35. Re2 Kf8 36. Kf2 Ke7 37. Nd2 Rb5 38. Nxe4 Rxa5 39. Rec2 Be5 40. Nd2 Ra4
41. Nf3 Bd6 42. Nd4 Kd7 43. Rb1 Ra3 44. Rb3 Rxb3 45. Nxb3 Nb4 46. Rd2 Ke7 47.
Kf3 Nc6 48. Ke4 Ne5 49. Kd4 Nf3+ {White resigns} 0-1

[Event "Team 45 45 League T44"]
[Site "Internet Chess Club"]
[Date "2010.03.14"]
[Round "6"]
[White "clarinetref"]
[Black "quaksterjohny"]
[Result "1-0"]
[WhiteElo "1654"]
[BlackElo "1364"]
[Opening "Queen's pawn game"]
[ECO "D04"]
[Time "20:08:46"]
[TimeControl "2700+45"]

1. Nf3 d5 2. d4 Nf6 3. e3 Bf5 4. Nbd2 e6 5. b3 Nbd7 6. Bb2 c5 7. Be2 Rc8 8. Nh4
Bg6 9. Nxg6 hxg6 10. c4 Nb6 11. cxd5 Nbxd5 12. O-O Qc7 13. Bb5+ Kd8 14. Nf3 Bd6
15. Ne5 a6 16. Be2 Nd7 17. Nxf7+ Ke7 18. Nxd6 Qxd6 19. g3 Kf7 20. Bg4 N7f6 21.
Qf3 Rh6 22. e4 Ke7 23. e5 Qb6 24. exf6+ gxf6 25. Rfe1 Rc6 26. Qxd5 f5 27. Bxf5
Rh5 28. Rxe6+ Rxe6 29. Qxe6+ Qxe6 30. Bxe6 Kxe6 31. dxc5 Rxc5 32. Re1+ Kf5 33.
f4 Rc2 34. Re5+ Kg4 35. Bd4 Kf3 36. Re3+ Kg4 37. a3 Rc1+ 38. Kf2 Rc2+ 39. Re2
Rc6 40. Kg2 Rd6 41. h3+ Kf5 42. Re5+ Kf6 43. Rd5+ Ke6 44. Rxd6+ Kxd6 45. Kf3 Kd5
46. Be5 Ke6 47. Kg4 Kf7 48. Kg5 Kg8 49. Kxg6 {Black resigns} 1-0

[Event "Team 45 45 League T44"]
[Site "Internet Chess Club"]
[Date "2010.03.14"]
[Round "6"]
[White "check-man"]
[Black "PostMike"]
[Result "0-1"]
[WhiteElo "1484"]
[BlackElo "1521"]
[Opening "Queen's Indian: 4.Nc3"]
[ECO "E12"]
[Time "14:30:12"]
[TimeControl "2700+45"]

1. d4 Nf6 2. c4 e6 3. Nf3 b6 4. Nc3 Bb4 5. e3 Ne4 6. Bd2 Nxd2 7. Qxd2 Bb7 8. Be2
O-O 9. a3 Be7 10. b4 c5 11. bxc5 bxc5 12. Rb1 Ba6 13. O-O Nc6 14. Ne4 cxd4 15.
exd4 d5 16. cxd5 Bxe2 17. Qxe2 Qxd5 18. Qd3 Rab8 19. a4 Rfd8 20. Rfd1 a5 21. h3
Bb4 22. Kh2 h6 23. Kg1 e5 24. Nc3 Bxc3 25. Qxc3 Rxb1 26. Rxb1 exd4 27. Qd2 Nb4
28. Rd1 d3 29. Qe3 Qe6 30. Nd4 Qxe3 31. fxe3 Kf8 32. Kf2 g6 33. g4 Ke7 34. Kf3
Kf6 35. h4 Ke5 36. Nb3 Rd5 37. e4 Rd6 38. Nxa5 Ra6 39. Nc4+ Kd4 40. Rc1 Rf6+ 41.
Kg3 Rc6 42. Nd2 Rxc1 43. Nb3+ Ke3 44. Nxc1 d2 45. Nb3 d1=Q {White resigns} 0-1

[Event "Team 45 45 League T44"]
[Site "Internet Chess Club"]
[Date "2010.03.14"]
[Round "6"]
[White "Aquaman"]
[Black "juniorVishy"]
[Result "1/2-1/2"]
[WhiteElo "1251"]
[BlackElo "1321"]
[Opening "Queen's pawn"]
[ECO "A40"]
[Time "16:00:27"]
[TimeControl "2700+45"]

1. d4 c6 2. Nf3 d5 3. e3 Nf6 4. Bd3 e6 5. O-O Nbd7 6. Nbd2 c5 7. b3 cxd4 8. exd4
Bd6 9. Re1 O-O 10. Ne5 Qc7 11. f4 Qb6 12. c3 Qc7 13. Bb2 b6 14. Rc1 a5 15. Re3
Ba6 16. c4 Qb7 17. Rh3 h6 18. Qf3 Bb4 19. Nf1 Rac8 20. Qg3 Kh8 21. Ne3 Nxe5 22.
fxe5 Nh7 23. Qf2 Ng5 24. Rxh6+ gxh6 25. Qf6+ Kg8 26. Qxh6 f6 27. exf6 Nh7 28.
Rf1 Bd6 29. Ng4 dxc4 30. bxc4 Bxc4 31. Bxc4 Rxc4 32. Qg6+ Kh8 33. f7 Qd5 34. Nf6
Nxf6 35. Qxf6+ Kh7 36. Qh4+ Kg7 37. Qf6+ Kh7 38. Qh4+ Kg7 39. Qf6+ Kh7 40. Qh4+
Kg7 41. Qf6+ Kh7 {Game drawn by repetition} 1/2-1/2

[Event "Team 45 45 League T44"]
[Site "Internet Chess Club"]
[Date "2010.03.12"]
[Round "6"]
[White "Salvatore"]
[Black "Burbia"]
[Result "0-1"]
[WhiteElo "1605"]
[BlackElo "1390"]
[Opening "Queen's pawn"]
[ECO "A40"]
[Time "18:09:33"]
[TimeControl "2700+45"]

1. d4 e6 2. Nf3 d5 3. Nc3 Bb4 4. Bg5 Nf6 5. Ne5 O-O 6. f3 Nbd7 7. Qd3 Be7 8.
O-O-O Nxe5 9. dxe5 Nd7 10. Bxe7 Qxe7 11. e3 Nxe5 12. Qd4 Nc4 13. Bxc4 dxc4 14.
Qxc4 c6 15. h4 Bd7 16. h5 h6 17. g4 Rad8 18. f4 Bc8 19. Rdg1 f6 20. Ne4 Kh8 21.
g5 f5 22. gxh6 gxh6 23. Qc3+ Kh7 24. Nc5 Qf6 25. Qe1 Rg8 26. Nd3 b6 27. Ne5 c5
28. Qf2 Bb7 29. Rh3 Rxg1+ 30. Qxg1 Rg8 31. Qd1 Qd8 32. Qe1 Rg7 33. Rh2 Rg2 34.
Rh3 Be4 35. Nd3 Rxc2+ 36. Kb1 Qxd3 37. Ka1 Rd2 {White resigns} 0-1

[Event "Team 45 45 League T44"]
[Site "Internet Chess Club"]
[Date "2010.03.12"]
[Round "6"]
[White "pedrin"]
[Black "Cicero"]
[Result "0-1"]
[WhiteElo "1122"]
[BlackElo "1147"]
[Opening "Bishop's opening: Berlin defense"]
[ECO "C24"]
[Time "13:31:28"]
[TimeControl "2700+45"]

1. e4 e5 2. Bc4 Nf6 3. d3 d6 4. Nf3 Be7 5. O-O Be6 6. Bxe6 fxe6 7. Nc3 d5 8.
Nxe5 Nbd7 9. Bf4 d4 10. Nb5 c6 11. Nxd4 Nxe5 12. Bxe5 Qd7 13. Bxf6 Bxf6 14. c3
O-O-O 15. Qg4 h5 16. Qg6 h4 17. Rfd1 e5 18. Nf5 Rdf8 19. h3 Kb8 20. b4 Qd8 21.
a4 Bg5 22. Nxg7 Rhg8 23. g3 hxg3 24. fxg3 Be3+ 25. Kh1 Qd7 26. Re1 Qxh3# {White
checkmated} 0-1

[Event "Team 45 45 League T44"]
[Site "Internet Chess Club"]
[Date "2010.03.13"]
[Round "6"]
[White "dabodhi"]
[Black "bajerk"]
[Result "0-1"]
[WhiteElo "1281"]
[BlackElo "1301"]
[Opening "Queen's pawn game"]
[ECO "D00"]
[Time "13:00:18"]
[TimeControl "2700+45"]

1. d4 d5 2. e3 a6 3. Bd3 Nf6 4. Nf3 Nc6 5. a3 Bg4 6. h3 Bh5 7. Nbd2 e6 8. e4
dxe4 9. Nxe4 Bxf3 10. Qxf3 Nxd4 11. Nxf6+ Qxf6 12. Qxb7 Rd8 13. Qxa6 Bc5 14.
Qa4+ Ke7 15. h4 h6 16. Be3 e5 17. O-O-O Qb6 18. Rhe1 f6 19. Bc4 Ra8 20. Qxa8
Rxa8 21. c3 Nf5 22. Rd3 Nxe3 23. fxe3 Rb8 24. Re2 Bxa3 25. Rdd2 Bc5 26. Rd3 e4
27. Rd1 Rd8 28. Rf1 Bxe3+ 29. Kc2 Qc5 30. b3 Qa7 31. Kb2 Rd2+ 32. Rxd2 Bxd2 33.
Rf5 Qe3 34. Kc2 Bxc3 35. Kd1 Qd2# {White checkmated} 0-1

[Event "Team 45 45 League T44"]
[Site "Internet Chess Club"]
[Date "2010.03.12"]
[Round "6"]
[White "MeansToAnEnd"]
[Black "Tamarin"]
[Result "0-1"]
[WhiteElo "1151"]
[BlackElo "1604"]
[Opening "Four knights: Italian variation"]
[ECO "C47"]
[Time "20:09:22"]
[TimeControl "2700+45"]

1. e4 e5 2. Nf3 Nc6 3. Nc3 Nf6 4. Bc4 Be7 5. O-O d6 6. d3 O-O 7. Bg5 Bg4 8. h3
Bh5 9. Nd5 Nxd5 10. Bxd5 Bxg5 11. Nxg5 Bxd1 {White resigns} 0-1

[Event "Team 45 45 League T44"]
[Site "Internet Chess Club"]
[Date "2010.03.13"]
[Round "6"]
[White "vishnugupta"]
[Black "sere"]
[Result "1-0"]
[WhiteElo "1246"]
[BlackElo "1121"]
[Opening "Petrov's defense"]
[ECO "C42"]
[Time "11:04:12"]
[TimeControl "2700+45"]

1. e4 e5 2. Nf3 Nf6 3. Nxe5 d6 4. Nf3 Nxe4 5. Bd3 Bg4 6. Bxe4 Be7 7. h3 O-O 8.
hxg4 Nc6 9. d4 Qd7 10. Bxh7+ Kh8 11. Bf5+ Kg8 12. Bxd7 {Black resigns} 1-0

[Event "Team 45 45 League T44"]
[Site "Internet Chess Club"]
[Date "2010.03.13"]
[Round "6"]
[White "HumanTornado"]
[Black "chess92192"]
[Result "0-1"]
[WhiteElo "1834"]
[BlackElo "2021"]
[Opening "French: classical, Steinitz variation"]
[ECO "C14"]
[Time "18:06:21"]
[TimeControl "2700+45"]

1. e4 e6 2. d4 d5 3. Nc3 Nf6 4. Bg5 Be7 5. e5 Nfd7 6. Bxe7 Qxe7 7. f4 a6 8. Nf3
c5 9. Qd2 Nc6 10. dxc5 Nxc5 11. Be2 O-O 12. h4 f6 13. O-O-O Bd7 14. h5 fxe5 15.
fxe5 b5 16. a3 b4 17. axb4 Nxb4 18. h6 g6 19. Kb1 a5 20. Qe3 a4 21. Nd4 a3 22.
b3 a2+ 23. Kb2 Rfb8 24. Bb5 Bxb5 25. Ndxb5 Nc6 26. Qe2 Nd7 27. Ka1 Ndxe5 28.
Rhf1 Qc5 29. Rf3 d4 30. Nc7 d3 31. Rfxd3 Nd4 32. Nxe6 Nxe2 33. Nxc5 Nxd3 34.
Rxd3 Nxc3 35. Rxc3 Re8 36. Nd3 Re2 37. Kb2 a1=Q# {White checkmated} 0-1

[Event "Team 45 45 League T44"]
[Site "Internet Chess Club"]
[Date "2010.03.13"]
[Round "6"]
[White "hewdondada"]
[Black "Constrictor"]
[Result "1-0"]
[WhiteElo "1827"]
[BlackElo "1780"]
[Opening "QGD Slav: 3.Nf3"]
[ECO "D11"]
[Time "16:22:06"]
[TimeControl "2700+45"]

1. d4 d5 2. c4 c6 3. Nf3 Nf6 4. Bg5 Bf5 5. e3 e6 6. cxd5 Bxb1 7. Qxb1 Qa5+ 8.
Nd2 Ne4 9. Qxe4 Bb4 10. Qc2 cxd5 11. Qc8+ Qd8 12. Qxd8# {Black checkmated} 1-0

[Event "Team 45 45 League T44"]
[Site "Internet Chess Club"]
[Date "2010.03.15"]
[Round "6"]
[White "ghostfire"]
[Black "mugurelt"]
[Result "1/2-1/2"]
[WhiteElo "1751"]
[BlackElo "1758"]
[Opening "Nimzo-Indian: classical, 4...c5"]
[ECO "E38"]
[Time "21:10:19"]
[TimeControl "2700+45"]

1. d4 Nf6 2. c4 e6 3. Nc3 Bb4 4. Qc2 c5 5. dxc5 Bxc5 6. Bg5 Qb6 7. e3 Be7 8. Nf3
Nc6 9. Bf4 Nh5 10. Bg3 Nxg3 11. hxg3 h6 12. a3 Qc7 13. g4 Ne5 14. Nb5 Nxf3+ 15.
gxf3 Qa5+ 16. Qc3 Qxc3+ 17. Nxc3 b6 18. Rd1 Bb7 19. Be2 a6 20. Ne4 Bxe4 21. fxe4
O-O-O 22. c5 b5 23. Rc1 Kb8 24. e5 f6 25. f4 fxe5 26. fxe5 Rhf8 27. Rf1 Rxf1+
28. Bxf1 Kc7 29. Bg2 Bh4+ 30. Ke2 Bg3 31. c6 Bxe5 32. cxd7+ Kxd7 33. Rc6 Bxb2
34. Rxa6 Rb8 35. Ra7+ Kd6 36. Ra6+ Ke5 37. Bc6 b4 38. axb4 Rxb4 39. Bd7 Rb7
{Game drawn by mutual agreement} 1/2-1/2

[Event "Team 45 45 League T44"]
[Site "Internet Chess Club"]
[Date "2010.03.12"]
[Round "6"]
[White "toukon"]
[Black "Monsieur"]
[Result "1-0"]
[WhiteElo "1505"]
[BlackElo "1515"]
[Opening "Latvian counter-gambit"]
[ECO "C40"]
[Time "19:30:18"]
[TimeControl "2700+45"]

1. e4 e5 2. Nf3 f5 3. Nxe5 Qe7 4. d4 d6 5. Nc4 Qxe4+ 6. Qe2 Nf6 7. Nc3 Qxe2+ 8.
Bxe2 Be7 9. O-O O-O 10. Bf3 Nc6 11. Ne2 d5 12. Ne3 Rd8 13. c3 Ne4 14. Nf4 Bg5
15. Nfxd5 Be6 16. Nxc7 Bxe3 17. Bxe3 Bc4 18. Nxa8 Bxf1 19. Rxf1 Rxa8 20. Re1 a5
21. Bf4 Re8 22. Bd1 h6 23. Bh5 Rd8 24. Bd1 g5 25. Bc1 b5 26. f3 Nd6 27. Re6 Kg7
28. Be3 f4 29. Bf2 Rd7 30. Kf1 Nd8 31. Re1 a4 32. g3 Nc4 33. Re2 Nf7 34. b3 fxg3
35. Bxg3 axb3 36. axb3 Nb6 37. Re4 Nd5 38. Be1 Nf4 39. Bd2 Nd6 40. Re3 Kf6 41.
Bc2 Ra7 42. Re1 Ra2 43. Bxf4 gxf4 44. Re2 Ra6 45. Rg2 Nf5 46. Bxf5 Kxf5 47. Re2
Rb6 48. Ke1 b4 49. c4 Ra6 50. d5 Ra1+ 51. Kf2 Rb1 52. Rd2 Rh1 53. Kg2 Re1 54. d6
Re8 55. d7 Rd8 56. c5 Ke6 57. c6 Ke7 58. Re2+ Kd6 59. Re8 Rxd7 60. cxd7 Kxd7 61.
Rh8 Kd6 62. Rxh6+ Kd5 63. Rg6 Kd4 64. h4 {Black resigns} 1-0

[Event "Team 45 45 League T44"]
[Site "Internet Chess Club"]
[Date "2010.03.13"]
[Round "6"]
[White "mickeys"]
[Black "RamRock"]
[Result "0-1"]
[WhiteElo "1882"]
[BlackElo "1833"]
[Opening "QGD"]
[ECO "E10"]
[Time "21:00:23"]
[TimeControl "2700+45"]

1. d4 Nf6 2. Nf3 e6 3. c4 d5 4. Bg5 Be7 5. e3 c5 6. cxd5 Nxd5 7. Bxe7 Qxe7 8.
Nc3 Nxc3 9. bxc3 cxd4 10. cxd4 Qb4+ 11. Qd2 Qxd2+ 12. Nxd2 Nc6 13. Rb1 b6 14.
Bb5 Bd7 15. O-O Ke7 16. Rfc1 Rhc8 17. Ba6 Rc7 18. Rc3 Bc8 19. Bd3 Bb7 20. Rbc1
Rac8 21. Nf3 g6 22. Bb5 a6 23. Ba4 b5 24. Bb3 Kd7 25. Ng5 Na5 26. Rxc7+ Rxc7 27.
Rxc7+ Kxc7 28. Bc2 Bd5 29. Bb1 Nc6 30. Nxf7 a5 31. Ng5 b4 32. Nxh7 a4 33. Nf6
Bxa2 34. Bxa2 b3 35. Bb1 a3 36. Ne4 a2 {White resigns} 0-1

[Event "Team 45 45 League T44"]
[Site "Internet Chess Club"]
[Date "2010.03.12"]
[Round "6"]
[White "winerum"]
[Black "j65536d"]
[Result "0-1"]
[WhiteElo "1688"]
[BlackElo "1796"]
[Opening "Sicilian: Canal-Sokolsky (Nimzovich-Rossolimo, Moscow) attack"]
[ECO "B51"]
[Time "17:00:35"]
[TimeControl "2700+45"]

1. e4 c5 2. Nf3 d6 3. Bb5+ Nd7 4. c3 Nf6 5. Qe2 a6 6. Ba4 b5 7. Bc2 Bb7 8. d4 g6
9. Bg5 Bg7 10. Nbd2 Rc8 11. d5 O-O 12. O-O Re8 13. h3 Qc7 14. a4 e6 15. axb5
axb5 16. Qxb5 exd5 17. Ra7 Bc6 18. Qa6 Qb8 19. exd5 Bb5 20. Qb7 Bxf1 21. Bxf6
Qxb7 22. Rxb7 Nxf6 23. Nxf1 Rb8 24. Ra7 Rxb2 25. Bd3 Rb3 26. Bc2 Rxc3 27. Ba4
Rd8 28. Bc6 Rd3 29. Ng5 Rf8 30. Ne3 Bh6 31. h4 Bxg5 32. hxg5 Ne4 33. Rd7 Rd2 34.
f4 Rd4 35. Kf1 Rb8 36. Rb7 Rxb7 37. Bxb7 Kg7 38. f5 Ng3+ 39. Kf2 Nxf5 40. Nf1
Rg4 41. Kf3 Rxg5 42. g4 Nd4+ 43. Kf4 Re5 44. Ne3 g5+ 45. Kg3 Rxe3+ 46. Kg2 Kg6
47. Kf2 Rf3+ 48. Kg2 f5 49. Bc8 f4 50. Bf5+ Kg7 51. Be4 Re3 52. Bf5 c4 53. Kf2
c3 54. Kg2 c2 55. Bxc2 Nxc2 56. Kf2 Nb4 57. Kg2 Nxd5 58. Kf2 Nc3 59. Kg2 d5 60.
Kf2 d4 61. Kg2 d3 62. Kf2 d2 63. Kg2 d1=Q 64. Kf2 Qd2+ 65. Kg1 Re1# {White
checkmated} 0-1

[Event "Team 45 45 League T44"]
[Site "Internet Chess Club"]
[Date "2010.03.15"]
[Round "6"]
[White "Andressa"]
[Black "tammany"]
[Result "0-1"]
[WhiteElo "1540"]
[BlackElo "1714"]
[Opening "Sicilian: closed"]
[ECO "B23"]
[Time "19:04:34"]
[TimeControl "2700+45"]

1. e4 c5 2. Nc3 a6 3. Nf3 Nc6 4. Bc4 e6 5. O-O b5 6. Be2 Nf6 7. e5 Ng4 8. d4
cxd4 9. Nxd4 Ngxe5 10. Nxc6 Nxc6 11. a3 Be7 12. Ne4 d5 13. Ng3 O-O 14. c3 Bb7
15. b4 Rc8 16. Be3 Ne5 17. Bd4 Nc4 18. Qc2 e5 19. Be3 d4 20. Bd2 Nxd2 21. Qxd2
Rxc3 22. Rfe1 Qd5 23. f3 Rfc8 24. Nf5 Bf8 25. Bd3 Qe6 26. Ng3 Qb3 27. Red1 Bd5
28. Ne4 Bxe4 29. Bxe4 Re3 30. Bb7 Rc2 {White resigns} 0-1

[Event "Team 45 45 League T44"]
[Site "Internet Chess Club"]
[Date "2010.03.15"]
[Round "6"]
[White "UnderRated"]
[Black "dscvdchk"]
[Result "1-0"]
[WhiteElo "1693"]
[BlackElo "1538"]
[Opening "Vienna game"]
[ECO "C28"]
[Time "19:10:24"]
[TimeControl "2700+45"]

1. e4 e5 2. Nc3 Nf6 3. Bc4 Nc6 4. d3 Na5 5. Nge2 c6 6. a4 Nxc4 7. dxc4 Be7 8.
O-O d6 9. b3 O-O 10. h3 h6 11. Ng3 Be6 12. Be3 Qa5 13. Qd2 Kh7 14. Kh1 Rfd8 15.
Rad1 d5 16. cxd5 cxd5 17. Nxd5 Qxd2 18. Nxf6+ Bxf6 19. Bxd2 b6 20. Bc1 g6 21. c4
Rac8 22. Ne2 a6 23. Nc3 Rd4 24. Nd5 Rxd1 25. Rxd1 b5 26. Nxf6+ {Black resigns}
1-0

[Event "Team 45 45 League T44"]
[Site "Internet Chess Club"]
[Date "2010.03.12"]
[Round "6"]
[White "imgr8"]
[Black "mcplayerus"]
[Result "0-1"]
[WhiteElo "2029"]
[BlackElo "2045"]
[Opening "Robatsch (modern) defense"]
[ECO "B06"]
[Time "18:00:33"]
[TimeControl "2700+45"]

1. e4 g6 2. Nc3 Bg7 3. Bc4 e6 4. Nge2 c5 5. f4 a6 6. a4 Ne7 7. e5 d5 8. exd6 Nf5
9. Ne4 Nxd6 10. Nxd6+ Qxd6 11. O-O b6 12. d3 O-O 13. c3 Nd7 14. Ng3 Bb7 15. Qe2
Nf6 16. Ne4 Qc6 17. Nxf6+ Bxf6 18. Be3 Rfd8 19. Rf3 b5 20. Bb3 Qd6 21. Rf2 Rac8
22. axb5 axb5 23. Ra7 Qb6 24. Ra1 b4 25. cxb4 Qxb4 26. Bc4 Ra8 27. Rxa8 Rxa8 28.
b3 Qb6 29. Rf1 Qd6 30. Qf2 Qc6 31. h3 Bh4 32. Qb2 Bf6 33. Qf2 Rd8 34. Kh2 Bd4
35. Bxd4 Rxd4 36. Kg3 g5 37. Qd2 Qd6 38. h4 h6 39. Qe3 Kf8 40. hxg5 hxg5 41. Kg4
Bxg2 42. Rf2 gxf4 43. Rxf4 Rxf4+ 44. Qxf4 Qxf4+ 45. Kxf4 Ke7 46. Ke3 e5 47. Kd2
f5 48. Kc3 f4 49. b4 cxb4+ 50. Kxb4 Kd6 51. Kc3 Kc5 52. Ba6 Bd5 53. Bc8 f3 54.
Bh3 f2 55. Bf1 Bf3 56. Kc2 Kd4 57. Kd2 Bg4 58. Bg2 Bh5 59. Bh3 Bf3 60. Bf1 e4
61. dxe4 Kxe4 62. Bd3+ Kf4 63. Bf1 Kg3 64. Ke3 Bh5 65. Bd3 Kg2 66. Bc4 Kg1 67.
Bd3 Bg4 68. Bc4 Bh3 69. Bd3 Bf1 70. Bf5 Bb5 71. Bh3 Bc6 {White resigns} 0-1

[Event "Team 45 45 League T44"]
[Site "Internet Chess Club"]
[Date "2010.03.18"]
[Round "6"]
[White "AronT"]
[Black "Knight77"]
[Result "0-1"]
[WhiteElo "1982"]
[BlackElo "1978"]
[Opening "QGD: exchange, positional line"]
[ECO "D35"]
[Time "21:34:28"]
[TimeControl "2700+45"]

1. d4 e6 2. c4 d5 3. Nc3 Nf6 4. cxd5 exd5 5. Bg5 Nbd7 6. e3 c6 7. Bd3 Be7 8. Qc2
O-O 9. Nge2 h6 10. Bh4 Re8 11. O-O-O Qa5 12. h3 b5 13. g4 b4 14. Na4 Ba6 15. f3
c5 16. Bxa6 Qxa6 17. Kb1 Nb6 18. Nxc5 Bxc5 19. dxc5 Nc4 20. Bf2 Nxe3 21. Bxe3
Rxe3 22. Nd4 Rae8 23. Qd2 Nd7 24. Nf5 b3 25. a3 Re2 26. Qxd5 Ne5 27. Nd6 Re7 28.
Qxb3 Qc6 29. Ne4 Rb7 30. Qc3 Rbxb2+ 31. Qxb2 Rxb2+ 32. Kxb2 Nxf3 33. Nd2 Nxd2
34. Rxd2 Qxh1 35. Rc2 Qxh3 36. c6 Qxg4 37. c7 Qc8 38. Kb3 h5 39. Kb4 h4 40. Kb5
h3 41. Kc6 Qe6+ 42. Kb5 Qb3+ {White resigns} 0-1

[Event "Team 45 45 League T44"]
[Site "Internet Chess Club"]
[Date "2010.03.15"]
[Round "6"]
[White "jefferyx"]
[Black "smitty120"]
[Result "1-0"]
[WhiteElo "2169"]
[BlackElo "1949"]
[Opening "Ruy Lopez: 5.O-O"]
[ECO "C78"]
[Time "18:02:53"]
[TimeControl "2700+45"]

1. e4 e5 2. Nf3 Nc6 3. Bb5 a6 4. Ba4 Nf6 5. O-O b5 6. Bb3 Bc5 7. Nxe5 Nxe5 8. d4
Bxd4 9. Qxd4 d6 10. a4 Bb7 11. Bg5 O-O 12. Nd2 h6 13. Bh4 Ng6 14. Bxf6 gxf6 15.
axb5 axb5 16. Rxa8 Bxa8 17. Qe3 Kg7 18. f4 d5 19. f5 Ne5 20. exd5 Bxd5 21. Bxd5
Qxd5 22. Ne4 Qc6 23. h3 Re8 24. Qg3+ Kh7 25. Re1 Nd7 26. Ng5+ hxg5 27. Rxe8 Ne5
28. Rxe5 fxe5 29. Qxg5 Qh6 30. Qxh6+ Kxh6 31. g4 Kg5 32. Kf2 Kf4 33. b4 e4 34.
f6 {Black resigns} 1-0

[Event "Team 45 45 League T44"]
[Site "Internet Chess Club"]
[Date "2010.03.14"]
[Round "6"]
[White "QueensCounselor"]
[Black "Merciful"]
[Result "1-0"]
[WhiteElo "2093"]
[BlackElo "2132"]
[Opening "Caro-Kann: exchange variation"]
[ECO "B13"]
[Time "10:12:36"]
[TimeControl "2700+45"]

1. e4 c6 2. d4 d5 3. exd5 cxd5 4. Bd3 Nc6 5. c3 Qc7 6. Ne2 Bg4 7. f3 Bd7 8. Bf4
e5 9. dxe5 Nxe5 10. Bc2 Nf6 11. O-O Bd6 12. Re1 O-O 13. Kh1 Rfe8 14. Nd4 Neg4
15. fxg4 Nxg4 16. Rf1 Bxf4 17. Qd3 g6 18. h3 Ne3 19. Rg1 Nxc2 20. Nxc2 Bf5 21.
Qd1 Bxc2 22. Qxc2 d4 23. Rd1 Qe7 24. Na3 Qh4 25. Qd3 Re3 26. Qf1 Qg3 27. Qg1
Rae8 28. cxd4 Qh4 29. Qf1 Re2 30. Nc4 Rf2 31. Qd3 Ree2 32. Re1 Rxg2 33. Rxe2 Rg3
34. Qe4 Qxh3+ 35. Rh2 Qxh2+ 36. Kxh2 Re3+ 37. Qxf4 {Black resigns} 1-0

[Event "Team 45 45 League T44"]
[Site "Internet Chess Club"]
[Date "2010.03.13"]
[Round "6"]
[White "whitetiger"]
[Black "GreatBendini"]
[Result "1/2-1/2"]
[WhiteElo "1875"]
[BlackElo "1784"]
[Opening "Scandinavian: Marshall variation"]
[ECO "B01"]
[Time "15:02:19"]
[TimeControl "2700+45"]

1. e4 d5 2. exd5 Nf6 3. d4 Nxd5 4. Nf3 Bg4 5. Be2 e6 6. O-O Be7 7. h3 Bh5 8. c4
Nf6 9. Nc3 O-O 10. Bf4 Nc6 11. g4 Bg6 12. Qd2 Ne4 13. Qe3 Nxc3 14. bxc3 h6 15.
Rad1 Bd6 16. Ne5 Bxe5 17. Bxe5 Nxe5 18. Qxe5 c6 19. Qg3 Qa5 20. Rd2 Rad8 21. c5
Rfe8 22. f4 Qc7 23. Bd3 Bxd3 24. Rxd3 {Game drawn by mutual agreement} 1/2-1/2

[Event "Team 45 45 League T44"]
[Site "Internet Chess Club"]
[Date "2010.03.14"]
[Round "6"]
[White "blizzard13"]
[Black "fishhead"]
[Result "0-1"]
[WhiteElo "1391"]
[BlackElo "1861"]
[Opening "Réti: King's Indian attack"]
[ECO "A05"]
[Time "13:00:54"]
[TimeControl "2700+45"]

1. Nf3 Nf6 2. g3 g6 3. Bg2 Bg7 4. O-O d6 5. d4 O-O 6. c4 Nbd7 7. b3 c6 8. Nc3
Qc7 9. e3 e5 10. d5 a5 11. Bb2 Nc5 12. e4 Nh5 13. Qd2 f5 14. Nh4 f4 15. gxf4
Nxf4 16. f3 Qe7 17. dxc6 Qxh4 18. Qxd6 Ncd3 19. c7 Nxb2 20. Nd5 Nxg2 21. Ne7+
Kh8 22. Qxg6 hxg6 23. Nxg6+ Kh7 24. Nxh4 Nxh4 25. Rf2 Nd3 26. Rff1 Nxf3+ {White
resigns} 0-1

[Event "Team 45 45 League T44"]
[Site "Internet Chess Club"]
[Date "2010.03.14"]
[Round "6"]
[White "ElmerHo"]
[Black "scottrugby"]
[Result "1-0"]
[WhiteElo "1517"]
[BlackElo "1417"]
[Opening "Sicilian: accelerated fianchetto, Maróczy bind"]
[ECO "B36"]
[Time "00:00:08"]
[TimeControl "2700+45"]

1. e4 c5 2. Nf3 g6 3. d4 cxd4 4. Nxd4 Nc6 5. c4 Nf6 6. Nc3 d6 7. f3 Nxd4 8. Qxd4
Bg7 9. Be3 O-O 10. Qd2 a5 11. Be2 a4 12. O-O Be6 13. Rac1 Nd7 14. Nd5 Nc5 15.
Bd4 Bxd4+ 16. Qxd4 Bxd5 17. cxd5 Qb6 18. Kh1 h5 19. f4 f5 20. e5 Qa5 21. e6 b5
22. Rc3 Rac8 23. Bxh5 Nxe6 24. dxe6 Rxc3 25. bxc3 gxh5 26. Rf3 Rf6 27. Rg3+ Kh7
28. Qd1 Rh6 29. Qd3 Rf6 30. Rg5 b4 31. Qh3 h4 32. Qxh4+ Rh6 33. Qg3 Qd8 34. cxb4
Qc8 35. h3 Qxe6 36. Qc3 Rf6 37. a3 Qb3 38. Qc8 Rg6 39. Qxf5 {Black resigns} 1-0

[Event "Team 45 45 League T44"]
[Site "Internet Chess Club"]
[Date "2010.03.13"]
[Round "6"]
[White "Just-Jim"]
[Black "houseofcook"]
[Result "1-0"]
[WhiteElo "1330"]
[BlackElo "1435"]
[Opening "French: advance variation"]
[ECO "C02"]
[Time "11:30:05"]
[TimeControl "2700+45"]

1. e4 e6 2. d4 d5 3. e5 c5 4. c3 Qb6 5. Nf3 Nc6 6. Na3 cxd4 7. Qb3 Qxb3 8. axb3
dxc3 9. bxc3 Nge7 10. Bd3 Ng6 11. Bxg6 hxg6 12. Nb5 Kd7 13. Be3 a5 14. O-O Ra6
15. Rfe1 b6 16. Red1 Bb7 17. Bf4 Bc5 18. Ng5 Rf8 19. c4 Nb4 20. Nf3 f6 21. cxd5
Nxd5 22. Be3 Kc6 23. Bxc5 bxc5 24. Nd6 fxe5 25. Nxb7 Kxb7 26. Nxe5 Rd8 27. g3
Rdd6 28. Nc4 Rdc6 29. Nxa5+ Rxa5 30. Rxa5 Kb6 31. Rda1 Nb4 32. Ra8 Kb7 33. R8a7+
Kb6 34. Rxg7 e5 35. Re7 Nd3 36. Rd1 Rd6 37. Kf1 Kc6 38. Ke2 c4 39. bxc4 Nc5 40.
Rxe5 Rd4 {Black resigns} 1-0

[Event "Team 45 45 League T44"]
[Site "Internet Chess Club"]
[Date "2010.03.12"]
[Round "6"]
[White "Zohan"]
[Black "OutofBook"]
[Result "1-0"]
[WhiteElo "1529"]
[BlackElo "1260"]
[Opening "Vienna game, Max Lange defense"]
[ECO "C25"]
[Time "19:00:04"]
[TimeControl "2700+45"]

1. e4 e5 2. Nc3 Nc6 3. Bc4 Be7 4. d3 Nf6 5. Nf3 O-O 6. Nd5 d6 7. Nxe7+ Qxe7 8.
O-O Bg4 9. Be3 Bxf3 10. Qxf3 Nd4 11. Bxd4 exd4 12. Rfe1 c5 13. a3 a6 14. Re2 b5
15. Bb3 Rfe8 16. Rae1 Qb7 17. c3 Rac8 18. cxd4 cxd4 19. Ba2 Re5 20. Qg3 h6 21.
b3 Rec5 22. Qxd6 Rc1 23. Qf4 Qc6 24. h3 Rxe1+ 25. Rxe1 Qc2 26. e5 Qxa2 27. exf6
Qxb3 28. Qg4 g6 29. Qxc8+ Kh7 30. Qf8 Qxd3 31. Qg7# {Black checkmated} 1-0